 Dungeon Crawl Stone Soup version 0.21-a0-508-gf08a75f (webtiles) character file.

30 slep the Skirmisher (level 3, -3/29 HPs)
             Began as a Demonspawn Fighter on Nov 29, 2017.
             Slain by Sigmund
             ... wielding a +0 scythe
              (4 damage)
             ... on level 3 of the Dungeon.
             The game lasted 00:03:45 (971 turns).

slep the Skirmisher (Demonspawn Fighter)             Turns: 971, Time: 00:03:45

Health: -3/29      AC:  6    Str: 22    XL:     3   Next: 5%
Magic:  3/3        EV:  7    Int:  9    God:
Gold:   32         SH:  9    Dex: 12    Spells: 2/2 levels left

rFire    . . .     SeeInvis .   a - +0 trident
rCold    . . .     Gourm    .   c - +0 shield
rNeg     . . .     Faith    .   b - +0 scale mail
rPois    .         Spirit   .   (no helmet)
rElec    .         Reflect  .   (no cloak)
rCorr    .         Harm     .   (no gloves)
MR       +....                  (no boots)
Stlth    +.........             (no amulet)
HPRegen  0.09/turn              k - ring of protection from magic
MPRegen  0.08/turn              j - ring of stealth

@: mighty
A: hooves 1
a: no special abilities


You were on level 3 of the Dungeon.
You were not hungry.

You visited 1 branch of the dungeon, and saw 3 of its levels.

You collected 32 gold pieces.

Inventory:

Hand Weapons
 a - a +0 trident (weapon)
Missiles
 n - 11 poisoned needles
Armour
 b - a +0 scale mail (worn)
 c - a +0 shield (worn)
Jewellery
 j - a ring of stealth (right hand)
 k - a ring of protection from magic (left hand)
Scrolls
 e - a scroll of blinking {unknown}
 g - 2 scrolls of identify {unknown}
 h - a scroll of random uselessness {unknown}
 i - a scroll of magic mapping {unknown}
Comestibles
 f - a bread ration
 m - a meat ration


   Skills:
 + Level 3.3 Fighting
 + Level 2.1 Polearms
 + Level 2.9 Armour
 + Level 0.1 Dodging
 + Level 3.0 Shields


You had 2 spell levels left.
You didn't know any spells.

Dungeon Overview and Level Annotations

Branches:
Dungeon (3/15)

Altars:
Xom

Annotations:
D:3 Sigmund


Innate Abilities, Weirdness & Mutations

You have large cloven feet.


Message History

You kill the kobold!
You have reached level 3!
Your experience leads to an increase in your attributes!
Your base attributes are Str 16, Int 9, Dex 12.
Increase (S)trength, (I)ntelligence, or (D)exterity?
You feel stronger. You block the kobold's attack.
You puncture the kobold!
You kill the kobold!
Something hits you.
* * * LOW HITPOINT WARNING * * *
Something hits you.
* * * LOW HITPOINT WARNING * * *
Things that are here:
a whip; a bat corpse; a goblin corpse You puncture something!
You hear some strange, mumbled words.
Something tries to affect you, but you resist.
You closely miss something. Something hits you.
You die...

# .# #.# ###..# #)..#
#. ##@### #..#+#{.#
#.....## ###....#
#..##.#########
#.##..K.≈#≈...##
##.#......≈.....##
#................####
#...≈..........≈....##


There were no monsters in sight!

Vanquished Creatures
  An adder (D:3)
  A worm (D:3)
  3 goblins
  3 hobgoblins (D:1)
  3 bats
  2 frilled lizards (D:1)
  4 kobolds
  2 rats (D:1)
19 creatures vanquished.

Notes
Turn   | Place    | Note
-------+----------+-------------------------------------------
     0 | D:1      | slep the Demonspawn Fighter began the quest for the Orb.
     0 | D:1      | Reached XP level 1. HP: 18/18 MP: 1/1
   273 | D:1      | Gained mutation: You have large cloven feet. [demonic ancestry]
   273 | D:1      | Reached XP level 2. HP: 19/24 MP: 2/2
   339 | D:1      | Found a stormy altar of Qazlal.
   341 | D:1      | Found an opulent altar of Gozag.
   341 | D:1      | Found a glowing golden altar of the Shining One.
   343 | D:1      | Found a basalt altar of Yredelemnul.
   343 | D:1      | Found a shimmering altar of Xom.
   343 | D:1      | Found a sparkling altar of Nemelex Xobeh.
   929 | D:3      | Noticed Sigmund
   967 | D:3      | Reached XP level 3. HP: 6/29 MP: 3/3
   969 | D:3      | HP: 1/29 [something (1)]
   971 | D:3      | Slain by Sigmund

Vault maps used:
D:1:      dpeg_arrival_solitude, minmay_misc_feat_tiny,
          corexii_leaking_fountain, doesnt_xom_only_xom
D:2:      grunt_temple_overflow_open, kennysheep_vampire_church, uniq_jessica,
          uniq_robin
D:3:      cheibrodos_greedy_goblins, bloody_trog, first_bread,
          kennysheep_decorative_pillar, okawaru_trees_1, uniq_sigmund

Skill      XL: |  1  2 |
---------------+-------+-----
Polearms       | 2 |  2.1
Shields        | 3 |  3.0
Fighting       | |  3.3
Armour         | |  2.9
Dodging        | |  0.1

Action                   || total
-------------------------++-------
Melee: Trident           ||    66
       Kick              ||     5
  Use: Potion            ||     2
Armor: Scale mail        ||    30
Dodge: Dodged            ||    25
Block: Shield            ||    47

Table legend:
 A = Spawn XP
 B = Non-spawn XP
 C = Spawn XP percentage of total XP
 D = Spawn monster count
 E = Non-spawn monster count
 F = Spawn count percentage of total count
 G = Total turns spent on level
                    A         B        C        D         E        F      G
               +---------+---------+-------+---------+---------+-------+---------
         Total |       0 |      44 |   0.0 |       0 |      19 |   0.0 |   971
               +---------+---------+-------+---------+---------+-------+---------
           D:1 |       0 |      18 |   0.0 |       0 |      13 |   0.0 |   531
           D:3 |       0 |      26 |   0.0 |       0 |       6 |   0.0 |   401
               +---------+---------+-------+---------+---------+-------+---------
